 Dungeon Crawl Stone Soup version 0.28.0-43-g3370ac3207 (console) character file.

Game seed: 13992035580556802863

96 Zeor the Magician (level 4, -6/31 HPs)
             Began as a Djinni Fire Elementalist on Mar 23, 2022.
             Mangled by Natasha (7 damage)
             ... on level 2 of the Dungeon.
             The game lasted 00:06:48 (2357 turns).

Zeor the Magician (Djinni Fire Elementalist)        Turns: 2357, Time: 00:06:48

Health: -6/31      AC:  3    Str:  7    XL:     4   Next: 98%
Gold:   42         EV: 11    Int: 25    God:
                   SH:  0    Dex: 13

rFire   + + +      SeeInvis .   h - +0 dagger (elec)
rCold   x . .      Faith    .   (no shield)
rNeg    . . .      Spirit   .   b - +0 leather armour
rPois   ∞          Reflect  .   (no helmet)
rElec   .          Harm     .   (no cloak)
rCorr   .          Rampage  .   (no gloves)
Will    .....                   (boots unavailable)
Stlth   ++........              (no amulet)
HPRegen 0.10/turn               e - +6 ring of intelligence
MPRegen 0.00/turn               d - ring of protection from fire

@: flying, slowed, very slow
A: sickness immunity, fire resistance 2, cold vulnerability 1, float, innate
caster, HP casting, extra vitality 1
a: no special abilities


You were on level 2 of the Dungeon.
You visited 1 branch of the dungeon, and saw 2 of its levels.

You collected 42 gold pieces.

Inventory:

Hand Weapons
 a - a +1 short sword
 c - a +0 dagger
 h - a +0 dagger of electrocution (weapon)
Missiles
 f - 6 javelins
Armour
 b - a +0 leather armour (worn)
Jewellery
 d - a ring of protection from fire (right hand)
 e - a +6 ring of intelligence (left hand)
Scrolls
 g - 2 scrolls of teleportation
 i - a scroll of identify


   Skills:
 + Level 1.1 Armour
 + Level 2.3 Dodging
 + Level 1.7 Stealth
 * Level 3.8 Spellcasting


You couldn't memorise any spells.
You knew the following spells:

 Your Spells              Type           Power      Damage    Failure   Level
a - Foxfire               Conj/Fire      96%        2x1d8     2%          1
b - Scorch                Fire           48%        2d7       4%          2
c - Conjure Flame         Conj/Fire      24%        6-21      9%          3
d - Inner Flame           Hex/Fire       24%        N/A       9%          3
e - Flame Wave            Conj/Fire      24%        2d7       28%         4
f - Shock                 Conj/Air       96%        1d9       2%          1
Your spell library was empty.

Dungeon Overview and Level Annotations

Branches:
Dungeon (2/15)

Altars:
Vehumet

Shops:
D:2 (

Annotations:
D:2 Natasha


Innate Abilities, Weirdness & Mutations

You are immune to sickness and miasma.
You are immune to poison.
Your flesh is very heat resistant. (rF++)
You are vulnerable to cold. (rC-)
You float through the air rather than walking.
You learn spells naturally, not from books.
Your magical power is your life essence.
You have superior vitality. (+4 MHP)


Message History

Natasha claws you but does no damage.
Casting: Scorch (safe; 4% risk of failure)
Confirm with . or Enter, or press ? or * to list all spells.
Aiming: Shock (safe; 2% risk of failure)
Press: ? - help, Shift-Dir - straight line, f - Natasha
Aim: Natasha (moderately wounded, more vulnerable to fire, 67% to hit)
The zap hits Natasha.
Natasha is heavily wounded.
The shadow imp hits you. Natasha claws you but does no damage.
The shadow imp closely misses you.
Casting: Shock (safe; 2% risk of failure)
Confirm with . or Enter, or press ? or * to list all spells.
Flames lash the shadow imp.
The shadow imp is heavily wounded.
The shadow imp's fire resistance burns away.
Natasha misses you. The shadow imp completely misses you.
Natasha claws you but does no damage.
Casting: Foxfire (safe; 2% risk of failure)
Press: ? - help, Q - select action, (/) - cycle Dir - look around, f - activate You conjure some foxfire!
Natasha is no longer more vulnerable to fire.
The shadow imp barely misses you. Natasha claws you. The shadow imp misses you.
The shadow imp is no longer more vulnerable to fire.
The foxfire hits the shadow imp but does no damage.
The shadow imp is heavily wounded.
The foxfire hits the shadow imp.
The shadow imp is heavily wounded.
Natasha casts a spell at you. You resist with some effort.
The shadow imp hits you.
* * * LOW HITPOINT WARNING * * *
Natasha hisses.
Natasha claws you!
* * * LOW HITPOINT WARNING * * *
You don't have enough health to cast this spell.
You don't have enough health to cast this spell.
You aren't carrying any potions.
You hit Natasha.
Natasha is heavily wounded.
The shadow imp closely misses you. Natasha claws you!
You die...

∙∙▒▒∙∙∙∙▒∙▒ ▒∙▒
∙∙∙∙∙▒∙∙∙∙▒ ▒∙▒
∙∙∙▒∙▒▒∙▒▒▒▒▒▒▒∙▒▒▒▒
∙∙∙▒∙▒▒∙∙∙∙∙∙∙∙∙∙∙∙▒
∙∙∙∙∙▒▒▒▒▒▒▒▒▒▒∙▒▒▒▒
∙∙∙∙∙▒ ▒▒▒∙▒∙∙▒
∙∙∙∙∙▒ ▒∙∙∙∙∙∙▒▒▒▒▒
∙∙∙∙∙▒ ▒∙∙##∙∙∙∙∙∙∙
▒∙▒▒>▒ ▒∙∙∙R∙∙▒▒▒▒


∙∙∙∙∙∙∙ ■∙∙h5∙∙▒ ∙∙∙∙∙▒▒▒ ▒∙∙∙∙∙∙▒ ▒∙▒▒∙ ▒∙∙∙∙∙∙▒ ∙∙∙∙∙∙∙∙▒ ∙▒▒∙∙∙∙∙∙∙ ∙
▒∙∙∙∙∙∙∙∙ ▒▒▒▒∙∙!∙∙∙ You could see Natasha and a shadow imp (summoned).

Vanquished Creatures
  Jessica (D:2)
  A gnoll (D:1)
  2 adders (D:2)
  An endoplasm (D:2)
  3 giant cockroaches
  5 goblins
  3 hobgoblins (D:1)
  3 jackals (D:2)
  3 quokkas
  2 ball pythons (D:1)
  4 bats
  8 frilled lizards
  5 kobolds
  3 rats
44 creatures vanquished.

Vanquished Creatures (others)
  52 foxfires
  A plant (D:2)
53 creatures vanquished.

Grand Total: 97 creatures vanquished

Notes
Turn   | Place    | Note
-------+----------+-------------------------------------------
     0 | D:1      | Zeor the Djinni Fire Elementalist began the quest for the
                  | Orb.
     0 | D:1      | Reached XP level 1. HP: 15/15 MP: 0/0
   253 | D:1      | Reached XP level 2. HP: 20/21 MP: 0/0
   286 | D:1      | Reached skill level 3 in Spellcasting
   420 | D:1      | Reached XP level 3. HP: 24/25 MP: 0/0
   420 | D:1      | Learned a level 1 spell: Shock
  1732 | D:2      | Reached XP level 4. HP: 22/31 MP: 0/0
  1834 | D:2      | Noticed Jessica
  1867 | D:2      | Killed Jessica
  1868 | D:2      | Reached skill level 1 in Armour
  2120 | D:2      | Found Ateech's Antique Weapon Shoppe.
  2346 | D:2      | Noticed Natasha
  2356 | D:2      | HP: 1/31 [Natasha (8)]
  2357 | D:2      | Mangled by Natasha

Illustrated notes

Levels and vault maps discovered:
D:1:      minmay_arrival_four_circles, layout_loops_corners,
          chequers_serial_rivers_micro_e
D:2:      layout_basic, basic_altar, serial_co_window_serial, co_window_paths_a,
          co_window_cross_1, co_window_of_opportunity_a, co_window_paths_a,
          co_window_corner_a, co_window_of_opportunity_a, co_window_paths_b,
          co_window_broadway_b, co_window_broadway_c,
          co_window_of_opportunity_b, co_window_of_opportunity_c,
          co_window_corner_cb, co_window_paths_c, co_window_paths_e,
          glass_columns_c, serial_shops, nicolae_shop_overgrown_old_shop,
          minmay_lizard_pond, uniq_jessica, uniq_natasha

Skill      XL: |  1  2  3  4 |
---------------+-------------+-----
Spellcasting   | 3 |  3.8
Armour         | 1 |  1.1
Dodging        | |  2.3
Stealth        | |  1.7

Action                   |  1- 3 |  4- 6 || total
-------------------------+-------+-------++-------
Melee: Dagger            |       |     2 ||     2
       Short sword       |       |     2 ||     2
 Cast: Foxfire           |    27 |     7 ||    34
       Scorch            |     9 |     9 ||    18
       Shock             |     7 |     1 ||     8
       Conjure Flame     |     2 |       ||     2
  Use: Scroll            |     5 |       ||     5
Armor: Leather armour    |     3 |     5 ||     8
Dodge: Dodged            |     5 |    10 ||    15
